 Dungeon Crawl Stone Soup version 0.29-a0-962-gc8bbfd0a37 (webtiles) character file.

Game seed: 14550098745617142433

4 RBrandon the Charlatan (level 1, -2/10 HPs)
             Began as a Deep Elf Wanderer on July 30, 2022.
             Slain by a jackal (3 damage)
             ... on level 1 of the Dungeon.
             The game lasted 00:00:45 (55 turns).

RBrandon the Charlatan (Deep Elf Wanderer)            Turns: 55, Time: 00:00:45

Health: -2/10      AC:  2    Str: 13    XL:     1   Next: 58%
Magic:  5/5        EV: 12    Int: 13    God:
Gold:   0          SH:  0    Dex: 13    Spells: 3/3 levels left

rFire   . . .      SeeInvis .   a - +0 quarterstaff
rCold   . . .      Faith    .   (shield currently unavailable)
rNeg    . . .      Spirit   .   e - +0 robe
rPois   .          Reflect  .   (no helmet)
rElec   .          Harm     .   (no cloak)
rCorr   .          Rampage  .   (no gloves)
Will    .....                   (no boots)
Stlth   +.........              (no amulet)
HPRegen 0.03/turn               (no ring)
MPRegen 0.09/turn               (no ring)

@: no status effects
A: no striking features
a: no special abilities


You were on level 1 of the Dungeon.
You visited 1 branch of the dungeon, and saw 1 of its levels.

Inventory:

Hand Weapons
 a - a +0 quarterstaff (weapon)
Armour
 e - a +0 robe (worn)
Wands
 b - a wand of polymorph (20) (quivered)
Scrolls
 d - a scroll of teleportation
Potions
 c - a potion of lignification


   Skills:
 + Level 2.2 Staves
 - Level 1.0 Armour
 + Level 1.7 Dodging
 - Level 1.5 Spellcasting
 - Level 5.4 Evocations


You had 3 spell levels left.
You didn't know any spells.
Your spell library was empty.

Dungeon Overview and Level Annotations

Branches:
Dungeon (1/15)

Altars:


Message History

Okay, then.
You hit the jackal.
You kill the jackal!
The jackal closely misses you.
You hit the jackal.
The jackal is severely wounded.
The jackal closely misses you.
You hit the jackal.
You kill the jackal!
The jackal misses you.
You closely miss the jackal. The jackal closely misses you.
The jackal misses you.
You hit the jackal.
The jackal is moderately wounded.
The jackal closely misses you.
You closely miss the jackal.
The jackal is moderately wounded.
The jackal misses you. The jackal closely misses you.
You barely miss the jackal.
The jackal is moderately wounded.
The jackal closely misses you.
The jackal bites you but does no damage.
You hit the jackal.
The jackal is almost dead.
The jackal barely misses you.
You closely miss the jackal.
The jackal is almost dead.
The jackal misses you.
The jackal bites you but does no damage.
You hit the jackal.
You kill the jackal!
The jackal bites you but does no damage.
You barely miss the jackal. The jackal closely misses you.
You barely miss the jackal. The jackal bites you.
* * * LOW HITPOINT WARNING * * *
The jackal bites you.
* * * LOW HITPOINT WARNING * * *
You closely miss the jackal. The jackal closely misses you.
You barely miss the jackal. The jackal bites you.
You die...

#####P..≈.≈P#...#
#...#P.≈≈..≈#..##
#.##.#.#+#####'#.(##
...................#
###.#..#.######.###
#..#...####.###
#.)#..........#
#..############
#...@hr.....
......>#########
########


You could see a quokka and a jackal.

Vanquished Creatures
  3 jackals (D:1)
  A kobold (D:1)
4 creatures vanquished.

Notes
Turn   | Place    | Note
-------+----------+-------------------------------------------
     0 | D:1      | RBrandon the Deep Elf Wanderer began the quest for the Orb.
     0 | D:1      | RBrandon set off with the following items: a +0
                  | quarterstaff, a wand of polymorph (20), a potion of
                  | lignification, a scroll of teleportation, a +0 robe.
     0 | D:1      | Reached XP level 1. HP: 10/10 MP: 5/5
    55 | D:1      | Slain by a jackal

Illustrated notes

Levels and vault maps discovered:
D:1:      lightli_arrival_flooded_house, layout_basic,
          shapermc_ecumenical_altar_petra

Action                   || total
-------------------------++-------
Melee: Quarterstaff      ||    21
Armor: Robe              ||     3
Dodge: Dodged            ||    17

Table legend: (Time is in decaauts)
 A = Elapsed time spent in this place.
 B = Non-inter-level travel time spent in this place.
 C = Inter-level travel time spent in this place.
 D = Time resting spent in this place.
 E = Time spent auto-exploring this place.
 F = Levels seen in this place.
 G = Mean time per level.
                   A        B        C        D        E       F      G
               +--------+--------+--------+--------+--------+-----+--------+
         Total |     58 |     58 |      0 |      0 |     24 |   1 |   58.0 |
       Dungeon |     58 |     58 |      0 |      0 |     24 |   1 |   58.0 |
               +--------+--------+--------+--------+--------+-----+--------+

Top non-repeatable levels by time:
     D:1: 58 daAuts

Table legend:
 A = Kills in this place as a percentage of kills in entire the game.
 B = Kills by you in this place as a percentage of kills by you in the entire game.
 C = Kills by friends in this place as a percentage of kills by friends in the entire game.
 D = Other kills in this place as a percentage of other kills in the entire game.
 E = Experience gained in this place as a percentage of experience gained in the entire game.
 F = Experience gained in this place divided by the number of levels of this place that you have seen.
                   A       B       C       D       E      F
               +-------+-------+-------+-------+-------+----------------------
         Total | 100.0 | 100.0 |   N/A |   N/A | 100.0 |   7.0
       Dungeon | 100.0 | 100.0 |   N/A |   N/A | 100.0 |   7.0
               +-------+-------+-------+-------+-------+----------------------
